 Dungeon Crawl Stone Soup version 0.30-a0-1160-g6e42c06551 (webtiles) character file.

Game seed: 6012987435726264139

530 qeuew the Poker (level 7, -2/34 (56) HPs)
             Began as a Gnoll Reaver on Apr 26, 2023.
             Killed from afar by an orc wizard (11 damage)
             ... with a puff of flame
             ... on level 4 of the Dungeon.
             The game lasted 00:04:58 (3116 turns).

qeuew the Poker (Gnoll Reaver)                      Turns: 3116, Time: 00:04:59

HP:   -2/34 (56)    AC:  3    Str: 14    XL:     7   Next: 24%
MP:   15/15         EV: 18    Int: 12    God:
Gold: 120           SH:  0    Dex: 10    Spells: 13/17 levels left

rFire   . . .        a - +0 spear
rCold   . . .        (no shield)
rNeg    . . .        b - +0 leather armour
rPois   .            (no helmet)
rElec   .            (no cloak)
rCorr   .            (no gloves)
SInv    .            (no boots)
Will    .....        (no amulet)
Stlth   ++           f - +5 ring of evasion
HPRegen 0.25/turn    (no ring)
MPRegen 0.14/turn

%: no passive effects
@: very heavily drained
A: fangs 1, strong nose, distributed training
a: no special abilities


You were on level 4 of the Dungeon.
You visited 1 branch of the dungeon, and saw 4 of its levels.

You collected 120 gold pieces.

Inventory:

Hand Weapons
 a - a +0 spear (weapon)
Missiles
 o - a throwing net
Armour
 b - a +0 leather armour (worn)
Jewellery
 f - a +5 ring of evasion (left hand)
Scrolls
 c - 6 scrolls of identify
 d - a scroll of blinking
 e - 2 scrolls of teleportation {unknown}
 i - a scroll of enchant weapon {unknown}
 m - a scroll of noise {unknown}
Potions
 g - a potion of haste
 h - a potion of curing
 l - a potion of resistance {unknown}
 n - a potion of magic {unknown}


   Skills:
 + Level 5.2 Fighting
 + Level 2.4 Short Blades
 + Level 2.4 Long Blades
 + Level 2.4 Axes
 + Level 2.4 Maces & Flails
 + Level 7.0 Polearms
 + Level 2.4 Staves
 + Level 2.4 Ranged Weapons
 + Level 2.4 Throwing
 + Level 2.4 Armour
 + Level 5.2 Dodging
 + Level 2.4 Stealth
 + Level 2.4 Shields
 + Level 2.4 Unarmed Combat
 + Level 5.6 Spellcasting
 + Level 5.8 Conjurations
 + Level 2.0 Hexes
 + Level 2.0 Summonings
 + Level 2.0 Necromancy
 + Level 2.0 Translocations
 + Level 2.0 Transmutations
 + Level 2.0 Fire Magic
 + Level 2.0 Ice Magic
 + Level 2.0 Air Magic
 + Level 2.0 Earth Magic
 + Level 2.0 Poison Magic
 + Level 2.7 Invocations
 + Level 2.4 Evocations


You had 13 spell levels left.
You knew the following spells:

 Your Spells              Type           Power      Damage    Failure   Level
a - Kiss of Death         Conj/Necr      48%        2d9       4%          1
b - Hailstorm             Conj/Ice       12%        3d5       14%         3

Your spell library contained the following spells:

 Spells                   Type           Power      Damage    Failure   Level
 Momentum Strike          Conj/Tloc      24%        3d8       7%          2
 Slow                     Hex            32%        N/A       10%         1
 Ensorcelled Hibernation  Hex/Ice        16%        N/A       16%         2
 Borgnjor's Revivificati  Necr           4%         N/A       100%        8


Dungeon Overview and Level Annotations

Branches:
Dungeon (4/15)
 Temple: D:4-7

Altars:


Innate Abilities, Weirdness & Mutations

You have very sharp teeth.
Your uncanny sense of smell can sniff out nearby items.
Your experience applies equally to all skills.


Message History

Press: ? - help, Q - select action, (/) - cycle Shift-Dir - straight line, f/p - orc
Aim: an orc, wielding a +0 mace (berserk, 71% to hit)
The bolt of light hits the orc!!
You kill the orc!
You hear a shout!
An orc wizard comes into view. It is wielding a +0 dagger.
The hound barely misses you.
Unknown command.
Aiming: Bolt of Light
Press: ? - help, Q - select action, (/) - cycle Shift-Dir - straight line, f - hound
Aim: a hound (60% to hit)
The bolt of light hits the hound!
The hound is severely wounded.
The hound misses you. The orc barely misses you.
Unknown command.
Aiming: Bolt of Light
Press: ? - help, Q - select action, (/) - cycle Shift-Dir - straight line, f/p - hound
Aim: a hound (severely wounded, 60% to hit)
The bolt of light hits the hound!
You kill the hound!
The now-empty wand crumbles to dust.
The orc completely misses you.
An orc comes into view. It is wielding a +0 club.
The orc hits you with a +0 short sword.
* * * LOW HITPOINT WARNING * * *
You closely miss the orc wizard. Your punch misses the orc wizard.
Your bite misses the orc wizard. The orc misses you.
The orc completely misses you.
The orc wizard hits you with a +0 dagger.
* * * LOW HITPOINT WARNING * * *
Unknown command.
It was a potion of curing.
You feel better. The orc completely misses you. x2
The orc wizard closely misses you.
It was a potion of cancellation.
You feel magically purged. The orc completely misses you.
An orc wizard comes into view. It is wielding a +0 dagger.
The orc closely misses you.
The orc wizard points at you and mumbles some strange words.
The puff of flame hits you!
You die...

### ..#### .####
## ...... .<..#
#.. #.####
#...##... ###
...... #...#..
#.# #.#### ∆∆
o...). ∆ #.# ..#
#o..# #.# ..# ∆
#oo.# #.# ..#
#@o.# #.# <.#
### #...# ###
#.# ..######
...# #...# #...
#.# .......#
∆....##...##....
#.#### .#.###.#
.....#...#.....
#..... .#.# #.#
∆.....'...'.....
#.#### .#.# #.#
.....#...#.....
#.# .#.# #.#
....##...##....
###### .#.###.#
...# #...#
#...##....#


You could see 2 orc wizards and 3 orcs.

Vanquished Creatures
  2 ogres (D:4)
  A scorpion (D:3)
  An orc priest (D:4)
  2 hounds (D:4)
  Jessica (D:2)
  2 orc wizards
  2 adders (D:2)
  4 gnolls (D:4)
  3 worms
  11 orcs
  3 bats
  4 endoplasms
  2 giant cockroaches
  4 goblins
  5 hobgoblins
  2 jackals (D:1)
  3 quokkas
  5 ball pythons
  5 frilled lizards (D:2)
  3 kobolds
  5 rats
70 creatures vanquished.

Notes
Turn   | Place    | Note
-------+----------+-------------------------------------------
     0 | D:1      | qeuew the Gnoll Reaver began the quest for the Orb.
     0 | D:1      | Reached XP level 1. HP: 20/20 MP: 6/6
   256 | D:1      | Reached XP level 2. HP: 23/26 MP: 7/7
   931 | D:2      | Noticed Jessica
   952 | D:2      | HP: 1/26 [Jessica/+0 club (2)]
   953 | D:2      | Killed Jessica
   954 | D:2      | Reached skill level 1 in Short Blades
   954 | D:2      | Reached skill level 1 in Long Blades
   954 | D:2      | Reached skill level 1 in Axes
   954 | D:2      | Reached skill level 1 in Maces & Flails
   954 | D:2      | Reached skill level 1 in Staves
   954 | D:2      | Reached skill level 1 in Ranged Weapons
   954 | D:2      | Reached skill level 1 in Throwing
   954 | D:2      | Reached skill level 1 in Armour
   954 | D:2      | Reached skill level 1 in Stealth
   954 | D:2      | Reached skill level 1 in Shields
   954 | D:2      | Reached skill level 1 in Unarmed Combat
   954 | D:2      | Reached skill level 5 in Spellcasting
   954 | D:2      | Reached skill level 1 in Invocations
   954 | D:2      | Reached skill level 1 in Evocations
   954 | D:2      | Reached XP level 3. HP: 1/31 MP: 7/9
  1096 | D:2      | Reached XP level 4. HP: 33/34 MP: 11/11
  1117 | D:2      | Got Vigotasch's Textbook on Spectral Interference
  1753 | D:2      | Learned a level 3 spell: Hailstorm
  1791 | D:3      | Reached skill level 1 in Hexes
  1791 | D:3      | Reached skill level 1 in Summonings
  1791 | D:3      | Reached skill level 1 in Necromancy
  1791 | D:3      | Reached skill level 1 in Translocations
  1791 | D:3      | Reached skill level 1 in Transmutations
  1791 | D:3      | Reached skill level 1 in Fire Magic
  1791 | D:3      | Reached skill level 1 in Ice Magic
  1791 | D:3      | Reached skill level 1 in Air Magic
  1791 | D:3      | Reached skill level 1 in Earth Magic
  1791 | D:3      | Reached skill level 1 in Poison Magic
  1862 | D:3      | Noticed a scorpion
  1889 | D:3      | Killed a scorpion
  1890 | D:3      | Reached XP level 5. HP: 16/43 MP: 10/12
  2328 | D:3      | You fall into a shaft and drop 1 floor!
  2515 | D:4      | Reached XP level 6. HP: 25/44 MP: 11/13
  2827 | D:4      | Reached skill level 5 in Fighting
  2827 | D:4      | Reached skill level 5 in Dodging
  3022 | D:4      | Reached XP level 7. HP: 13/27 MP: 11/15
  3036 | D:4      | Reached skill level 7 in Polearms
  3116 | D:4      | Killed from afar by an orc wizard

Illustrated notes

Levels and vault maps discovered:
D:1:      dpeg_arrival_boxorama, layout_basic, minivault_19
D:2:      layout_loops_ring, uniq_jessica
D:3:      layout_basic, trog_book
D:4:      kennysheep_six_static_rooms, layout_loops_ring

Skill      XL: |  1  2  3  4  5  6  7 |
---------------+----------------------+-----
Short Blades   | 1 2 |  2.4
Long Blades    | 1 2 |  2.4
Axes           | 1 2 |  2.4
Maces & Flails | 1 2 |  2.4
Staves         | 1 2 |  2.4
Ranged Weapons | 1 2 |  2.4
Throwing       | 1 2 |  2.4
Armour         | 1 2 |  2.4
Stealth        | 1 2 |  2.4
Shields        | 1 2 |  2.4
Unarmed Combat | 1 2 |  2.4
Spellcasting   | 5 |  5.6
Invocations    | 1 2 |  2.7
Evocations     | 1 2 |  2.4
Hexes          | 1 2 |  2.0
Summonings     | 1 2 |  2.0
Necromancy     | 1 2 |  2.0
Translocations | 1 2 |  2.0
Transmutations | 1 2 |  2.0
Fire Magic     | 1 2 |  2.0
Ice Magic      | 1 2 |  2.0
Air Magic      | 1 2 |  2.0
Earth Magic    | 1 2 |  2.0
Poison Magic   | 1 2 |  2.0
Fighting       | 5 |  5.2
Dodging        | 5 |  5.2
Polearms       | 7 |  7.0
Conjurations   | |  5.8

Action                     |  1- 3 |  4- 6 |  7- 9 || total
---------------------------+-------+-------+-------++-------
  Melee: Spear             |    86 |   172 |    13 ||   271
         Bite              |     2 |    15 |     3 ||    20
         Punch             |       |     1 |     1 ||     2
   Cast: Kiss of Death     |     1 |     8 |       ||     9
  Evoke: Wand              |       |       |     8 ||     8
    Use: Scroll            |     3 |       |       ||     3
         Potion            |       |       |     2 ||     2
   Stab: Sleeping          |       |     4 |       ||     4
 Armour: Leather armour    |    13 |     9 |       ||    22
  Dodge: Dodged            |    34 |    75 |    19 ||   128

Table legend: (Time is in decaauts)
 A = Elapsed time spent in this place.
 B = Non-inter-level travel time spent in this place.
 C = Inter-level travel time spent in this place.
 D = Time resting spent in this place.
 E = Time spent auto-exploring this place.
 F = Levels seen in this place.
 G = Mean time per level.
                   A        B        C        D        E       F      G
               +--------+--------+--------+--------+--------+-----+--------+
         Total |   3051 |   2985 |     66 |      0 |   2532 |   4 |  762.8 |
       Dungeon |   3051 |   2985 |     66 |      0 |   2532 |   4 |  762.8 |
               +--------+--------+--------+--------+--------+-----+--------+

Top non-repeatable levels by time:
     D:1: 893 daAuts
     D:2: 853 daAuts
     D:4: 768 daAuts
     D:3: 536 daAuts
